 Dungeon Crawl Stone Soup version 0.30-a0-719-gcc4359ea44 (webtiles) character file.

Game seed: 13524487727785310472

2213494 NinjaNoafa the Slayer (level 27, 266/266 HPs)
             Began as a Minotaur Fighter on Jan 26, 2023.
             Was the Champion of Ru.
             Escaped with the Orb
             ... and 4 runes on Jan 27, 2023!
             The game lasted 04:26:04 (77293 turns).

NinjaNoafa the Slayer (Minotaur Fighter)           Turns: 77293, Time: 04:26:04

Health: 266/266    AC: 44    Str: 42    XL:     27
Magic:  7/7        EV: 24    Int:  7    God:    Ru [******]
Gold:   3242       SH: 41    Dex: 25    Spells: 26/26 levels left

rFire   + + +      SeeInvis +    b - +0 broad axe (antimagic)
rCold   + + +      Faith    .    Q - +10 tower shield of Ignorance {rN+ Int-4}
rNeg    + + .      Spirit   .    M - +10 gold dragon scales of Day {rPois rF+ rC+ Str+6}
rPois   +          Reflect  +    (helmet restricted)
rElec   +          Harm     .    B - +3 cloak of Youthful Indiscretion {rElec rN+ Regen+}
rCorr   +          Rampage  .    W - +0 pair of fencer's gloves {Riposte Dex+3}
Will    ++...                    D - +3 pair of boots of Niahiab {rElec Str+4 Int+4} Stlth
                                 V - amulet of reflection
HPRegen 1.44/turn                x - ring of Xisek {rC+ Will++ Str+5 Dex+6}
MPRegen 0.10/turn                k - ring "Raerph" {rF+ rC+ Int-4 Dex+4 SInv}

@: mighty, brilliant, silenced, resistant, weak-willed, attractive, flying,
hasted, invisible, very quick
A: horns 2, no stealth, inability to use devices, hated by all, no earth magic,
no hexes magic, no translocations magic, unskilled 1, missing an eye,
retaliatory headbutt, iridescent scales 1, deformed body, mutation resistance 1,
screaming 2, inability to read after injury 1
0: Orb of Zot
}: 4/15 runes: serpentine, barnacled, slimy, silver
a: Renounce Religion


You escaped.
You worshipped Ru.
Ru was exalted by your worship.
You visited 13 branches of the dungeon, and saw 57 of its levels.
You visited the Abyss 2 times.
You visited 1 bazaar.
You also visited: Trove, Sewer, Bailey, Gauntlet and Volcano.

You collected 10224 gold pieces.
You spent 6982 gold pieces at shops.

Inventory:

Hand Weapons
 a - the +4 broad axe "Lifebane" {flame, +Blink Str+7}
   (You took it off a deep elf sorcerer on level 3 of the Elven Halls)

   Str:       It affects your strength (+7).
   +Blink:    It lets you blink.
 b - a +0 antimagic broad axe (weapon)
 c - the +8 war axe "Minotaur's Foe" {freeze, rC+ SInv}
   (You found it in a Gauntlet)

   rC:        It protects you from cold.
   SInv:      It lets you see invisible.
 o - a +7 vampiric demon whip
Missiles
 m - 28 boomerangs
 n - 17 boomerangs of dispersal
 r - 37 poisoned darts
 y - 15 silver javelins (quivered)
 E - 13 curare-tipped darts
 F - 5 silver boomerangs
 P - 31 atropa-tipped darts
 R - 9 datura-tipped darts
 U - 11 javelins
 X - 4 throwing nets
Armour
 B - the +3 cloak of Youthful Indiscretion (worn) {rElec rN+ Regen+}
   (You found it on level 2 of the Vaults)

   rElec:     It insulates you from electricity.
   rN:        It protects you from negative energy.
   Regen:     It increases your rate of health regeneration.
 D - the +3 pair of boots of Niahiab (worn) {rElec Str+4 Int+4}
   (You found it in a treasure trove)

   Str:       It affects your strength (+4).
   Int:       It affects your intelligence (+4).
   rElec:     It insulates you from electricity.
 M - the +10 gold dragon scales of Day (worn) {rPois rF+ rC+ Str+6}
   (You found it in a treasure trove)

   Str:       It affects your strength (+6).
   rF:        It protects you from fire.
   rC:        It protects you from cold.
   rPois:     It protects you from poison.
 Q - the +10 tower shield of Ignorance (worn) {rN+ Int-4}
   (You found it in a treasure trove)

   Int:       It affects your intelligence (-4).
   rN:        It protects you from negative energy.
 W - the +0 pair of fencer's gloves (worn) {Riposte Dex+3}
   (You found it on level 2 of the Depths)

   Riposte:   It allows the wearer to riposte with melee weapons, swiftly
   retaliating against missed or blocked melee attacks.
   Dex:       It affects your dexterity (+3).
Jewellery
 k - the ring "Raerph" (right hand) {rF+ rC+ Int-4 Dex+4 SInv}
   (You found it in a Gauntlet)

   [ring of protection from fire]

   Int:       It affects your intelligence (-4).
   Dex:       It affects your dexterity (+4).
   rF:        It protects you from fire.
   rC:        It protects you from cold.
   SInv:      It lets you see invisible.
 x - the ring of Xisek (left hand) {rC+ Will++ Str+5 Dex+6}
   (You took it off a green draconian on level 1 of the Realm of Zot)

   [ring of dexterity]

   Str:       It affects your strength (+5).
   Dex:       It affects your dexterity (+6).
   rC:        It protects you from cold.
   Will:      It greatly increases your willpower.
 H - a ring of resist corrosion
 J - a ring of willpower
 S - a ring of see invisible
 V - an amulet of reflection (around neck)
 Y - the ring "Ebuaneh" {rElec rPois rN+++ Str-4 Int+2}
   (You found it on level 3 of the Crypt)

   [ring of poison resistance]

   Str:       It affects your strength (-4).
   Int:       It affects your intelligence (+2).
   rElec:     It insulates you from electricity.
   rPois:     It protects you from poison.
   rN:        It renders you almost immune to negative energy.
Scrolls
 i - 10 scrolls of poison
 l - 7 scrolls of fear
 p - 3 scrolls of immolation
 q - 19 scrolls of teleportation
 u - 8 scrolls of fog
 v - 9 scrolls of vulnerability
 A - 7 scrolls of blinking
 I - 10 scrolls of magic mapping
 K - 5 scrolls of enchant armour
 T - 2 scrolls of silence
 Z - 4 scrolls of brand weapon
Potions
 d - 3 potions of magic
 e - 6 potions of heal wounds
 g - 2 potions of ambrosia
 h - 7 potions of brilliance
 j - 14 potions of might
 s - 36 potions of curing
 t - 8 potions of haste
 w - 5 potions of attraction
 z - 3 potions of berserk rage
 C - 5 potions of resistance
 G - 6 potions of invisibility
 L - 7 potions of cancellation
 N - 12 potions of lignification
 O - 8 potions of flight


   Skills:
 + Level 25.1 Fighting
 - Level 21.9(22.9) Axes
 - Level 11.7(18.2) Maces & Flails
 - Level 22.0 Throwing
 + Level 25.1 Armour
 + Level 21.2 Dodging
 + Level 23.3 Shields


You had 26 spell levels left.
You didn't know any spells.
Your spell library contained the following spells:

 Spells                   Type           Power      Damage    Failure   Level
 Foxfire                  Conj/Fire      0%         2x1d4     95%         1
 Kiss of Death            Conj/Necr      0%         2d5       95%         1
 Magic Dart               Conj           0%         1d3       95%         1
 Necrotise                Necr           0%         1d4       95%         1
 Cigotuvi's Dreadful Rot  Necr/Pois/Air  0%         N/A       98%         2
 Sublimation of Blood     Necr           0%         N/A       98%         2
 Wereblood                Tmut           0%         N/A       98%         2
 Ignite Poison            Fire/Tmut/Pois 0%         N/A       100%        3
 Mephitic Cloud           Conj/Pois/Air  0%         N/A       100%        3
 Ozocubu's Armour         Ice            0%         N/A       100%        3
 Spider Form              Tmut/Pois      0%         N/A       100%        3
 Swiftness                Air            0%         N/A       100%        3
 Vampiric Draining        Necr           0%         2d6       100%        3
 Dispel Undead            Necr           0%         3d6       100%        4
 Olgreb's Toxic Radiance  Pois           0%         N/A       100%        4
 Sticky Flame             Conj/Fire      0%         2d3       100%        4
 Agony                    Necr           0%         N/A       100%        5
 Alistair's Intoxication  Tmut/Pois      0%         N/A       100%        5
 Blade Hands              Tmut           0%         N/A       100%        5
 Fireball                 Conj/Fire      0%         3d3       100%        5
 Freezing Cloud           Conj/Ice/Air   0%         6-21      100%        5
 Irradiate                Conj/Tmut      0%         3d11      100%        5
 Conjure Ball Lightning   Conj/Air       0%         3x3d6     100%        6
 Eringya's Noxious Bog    Tmut/Pois      0%         N/A       100%        6
 Starburst                Conj/Fire      0%         6d3       100%        6
 Dragon Form              Tmut           0%         N/A       100%        7
 Orb of Destruction       Conj           0%         9d5       100%        7
 Ozocubu's Refrigeration  Ice            0%         4d7       100%        7
 Storm Form               Tmut/Air       0%         N/A       100%        7
 Borgnjor's Revivificati  Necr           0%         N/A       100%        8
 Ignition                 Fire           0%         3d3       100%        8
 Necromutation            Tmut/Necr      0%         N/A       100%        8
 Death's Door             Necr           0%         N/A       100%        9
 Apportation              Tloc           Unusable   N/A       N/A         1
 Slow                     Hex            Unusable   N/A       N/A         1
 Summon Small Mammal      Summ           Unusable   N/A       N/A         1
 Blink                    Tloc           Unusable   N/A       N/A         2
 Call Imp                 Summ           Unusable   N/A       N/A         2
 Ensorcelled Hibernation  Hex/Ice        Unusable   N/A       N/A         2
 Lesser Beckoning         Tloc           Unusable   N/A       N/A         2
 Passwall                 Tmut/Erth      Unusable   N/A       N/A         2
 Confusing Touch          Hex            Unusable   N/A       N/A         3
 Dazzling Flash           Conj/Hex       Unusable   N/A       N/A         3
 Gell's Gravitas          Tloc           Unusable   N/A       N/A         3
 Kindle Blastsparks       Fire/Tloc/Air  Unusable   2d10      N/A         3
 Stone Arrow              Conj/Erth      Unusable   3d7       N/A         3
 Summon Guardian Golem    Hex/Summ       Unusable   N/A       N/A         3
 Teleport Other           Tloc           Unusable   N/A       N/A         3
 Manifold Assault         Tloc           Unusable   N/A       N/A         4
 Petrify                  Tmut/Erth      Unusable   N/A       N/A         4
 Borgnjor's Vile Clutch   Necr/Erth      Unusable   N/A       N/A         5
 Metabolic Englaciation   Hex/Ice        Unusable   N/A       N/A         5
 Silence                  Hex/Air        Unusable   N/A       N/A         5
 Death Channel            Necr           Unusable   N/A       N/A         6
 Simulacrum               Ice/Necr       Unusable   N/A       N/A         6
 Monstrous Menagerie      Summ           Unusable   N/A       N/A         7
 Spellforged Servitor     Conj/Summ      Unusable   N/A       N/A         7
 Summon Hydra             Summ           Unusable   N/A       N/A         7
 Discord                  Hex            Unusable   N/A       N/A         8
 Disjunction              Tloc           Unusable   N/A       N/A         8

Dungeon Overview and Level Annotations

Branches:
Dungeon (15/15)            Temple (1/1) D:5            Lair (5/5) D:10
 Shoals (4/4) Lair:2        Snake (4/4) Lair:2        Slime (5/5) Lair:5
    Orc (2/2) D:9             Elf (3/3) Orc:2        Vaults (5/5) D:13
  Crypt (3/3) Vaults:3       Tomb (0/3) Crypt:3      Depths (4/4) D:15
   Hell (visited)             Zot (5/5) Depths:4      Sewer (visited)
 Bailey (visited)         Volcano (visited)         Gauntlet (visited)
    Dis: Hell:1         Geh: Hell:1         Coc: Hell:1         Tar: Hell:1

Altars:
Ashenzari
Cheibriados
Dithmenos
Elyvilon
Gozag
Kikubaaqudgha
Makhleb
Nemelex Xobeh
Okawaru
Qazlal
Ru
Sif Muna
Trog
Uskayaw
Vehumet
Wu Jian
Xom
Zin
The Shining One

Shops:
D:1 ?   D:3 !   D:4 =   D:9 (   Orc:2 *?[=?   Elf:2 (   Shoals:2 ==
Shoals:3 (   Snake:3 [   Snake:4 [**![   Vaults:2 *   Vaults:3 *   Depths:1 !(

Portals:
Hell: Lair:5 Depths:1 Depths:2 Depths:3 Depths:4
Abyss: Depths:3
Pandemonium: Orc:2 Depths:2
Ziggurat: Depths:4


Innate Abilities, Weirdness & Mutations

You have a pair of horns on your head.
You cannot be stealthy.
You cannot study or use magical devices.
You are hated by all.
You cannot study or cast Earth magic.
You cannot study or cast Hexes magic.
You cannot study or cast Translocations magic.
You are somewhat unskilled. (-1 Apt)
You are missing an eye, making it more difficult to aim.
You reflexively headbutt those who attack you in melee.
You are partially covered in iridescent scales. (AC +2)
Armour fits poorly on your strangely shaped body.
You are somewhat resistant to further mutation.
You frequently scream uncontrollably at your foes.
You occasionally lose the ability to read scrolls when taking damage.


Message History

The silver javelin closely misses the hell beast.
You block the hell beast's attack.
You riposte.
You barely miss the hell beast. Your headbutt misses the hell beast.
The hell beast tramples you but does no damage.
You block the hell beast's attack. x2; You riposte.
You miss the hell beast. Your headbutt misses the hell beast.
You block the hell beast's attack. x2; You riposte.
You slice the hell beast like a ripe choko!!!
Your headbutt misses the hell beast.
The hell beast is heavily wounded.
You hit the hell beast. Your headbutt misses the hell beast.
The hell beast is heavily wounded.
You block the hell beast's attack.
You riposte.
You miss the hell beast.
The hell beast is heavily wounded.
You block the hell beast's attack.
You riposte.
You slice the hell beast!!
The hell beast is almost dead.
You slash the hell beast!
You kill the hell beast!
y - 15 silver javelins (gained 1)
There is an open door here.
There is a staircase leading out of the dungeon here.
You feel protected.
You feel yourself speed up.
Really quaff the potion of attraction? [Y]es or [N]o only, please.
Really quaff the potion of attraction?
You feel attractive to monsters.
You feel very mighty all of a sudden.
You feel clever all of a sudden.
You fade into invisibility!
You feel very buoyant.
You fly up into the air.
Really read the scroll of vulnerability?
You can't even see any enemies this would affect.
As you read the scroll of vulnerability, it crumbles to dust.
Magic quickly surges around you.
You can't see any enemies this would affect, really read the scroll of silence?
As you read the scroll of silence, it crumbles to dust.
A profound silence engulfs you.
You can't go down here!
You have escaped!

#.....# ###.......##.
#.....####............
#..........###...#####
###........# #...#
#####################.# #...#
#.#..#(......# #.# #...#
..#..#.####..###### #.# #####
..##'#.#.....#....# #.# ########
).'..#.'..#..'..@.# #.# #.......
#.#..#.####..#....# #.# #.......
#..###....#..###### #.# #.......
#......##...## #.####.......
#####################....'.......
#...........#####)....>.
#.#########.# #.......
#.#.......#.# ###...##
#.........#.# #...#


There were no monsters in sight!

Vanquished Creatures
  Dissolution (Slime:2)
  the Royal Jelly (Slime:5)
  8 orbs of fire (Zot:5)
  4 dread liches
  2 ancient liches
  4 juggernauts
  Vv (Depths:2)
  The ghost of Viffuud the Slayer, a master GrBe of Trog (Vaults:2)
  Margery (Depths:4)
  5 Killer Klowns
  Vashnia (Snake:4)
  2 caustic shrikes
  2 curse toes
  Nikola (Elf:2)
  Geryon (Hell)
  13 golden dragons
  A profane servitor (Abyss:4)
  3 bone dragons
  2 hellephants
  18 tentacled monstrosities
  2 electric golems (Zot:5)
  3 Hell Sentinels
  A shard shrike zombie (Crypt:2)
  Rupert (D:14)
  28 Orb Guardians
  8 titans
  3 quicksilver dragons
  6 liches
  2 deep elf master archers (Elf:3)
  3 deep elf blademasters
  A kraken (Shoals:4)
  30 acid blobs
  3 searing wretches (Hell)
  11 death cobs
  3 Executioners
  5 sphinxes
  5 tentacled starspawn (Abyss:4)
  4 ancient champions
  5 tengu reavers
  Kirke (Snake:3)
  9 shadow dragons
  6 draconian monks
  17 storm dragons
  A daeva (D:4)
  9 nagarajas
  5 draconian knights
  11 rockslimes
  9 azure jellies
  9 fire giants
  2 iron dragons
  A balrug (Zot:4)
  15 vault wardens
  A demonspawn warmonger (D:14)
  6 deep elf sorcerers
  A draconian scorcher (Zot:2)
  15 frost giants
  7 draconian shifters
  2 ghost moths
  4 curse skulls
  4 spectral caustic shrikes (Depths:4)
  5 draconian stormcallers
  2 deep elf elementalists (Elf:3)
  An orc warlord (Orc:2)
  A spriggan defender (Depths:3)
  3 reapers
  2 war gargoyles (Vaults:5)
  6 draconian annihilators
  A juggernaut zombie (Depths:1)
  4 angels
  17 ironbound preservers
  A caustic shrike skeleton (Crypt:3)
  A demonspawn blood saint (D:11)
  8 quicksilver oozes
  4 ghouls (Crypt:1)
  9 ironbound thunderhulks
  13 stone giants
  2 juggernaut skeletons (Crypt:3)
  14 very ugly things
  8 vampire knights
  15 green draconians
  12 black draconians
  6 deep elf demonologists
  2 demonspawn black suns
  5 deep elf annihilators
  12 yellow draconians
  14 purple draconians
  10 dire elephants
  3 lorocyprocas
  3 spark wasps
  A rockslime zombie (Crypt:2)
  A minotaur (Gauntlet)
  6 red draconians
  Snorg (D:14)
  12 white draconians
  14 merfolk impalers
  A blizzard demon (Depths:2)
  9 merfolk javelineers
  4 fire dragons
  7 eidola
  A mummy priest (Crypt:3)
  6 deep elf death magi
  9 jiangshi
  12 ettins
  18 yaktaur captains
  12 great orbs of eyes
  3 entropy weavers
  Erolcha (D:11)
  Harold (D:11)
  3 deep elf high priests
  7 ice dragons
  2 salamander tyrants (Snake:4)
  A hell beast (D:1)
  A catoblepas (Lair:2)
  4 rakshasas
  33 vault guards
  A peacekeeper (Vaults:4)
  3 spriggan air magi
  4 alligator snapping turtles
  A caustic shrike simulacrum (Abyss:4)
  7 hydras
  4 merfolk avatars
  A radroach (shapeshifter) (Vaults:4)
  A demonspawn (Orc:2)
  2 spriggan skeletons
  6 two-headed ogres
  3 ogre magi
  6 anacondas
  12 centaur warriors
  5 satyrs
  19 dancing weapons
  5 merfolk aquamancers
  18 naga warriors
  13 ironbound frosthearts
  4 boulder beetles
  6 death knights
  5 tengu warriors
  5 deep troll shamans
  6 deep troll earth magi
  17 hell hogs
  2 titan zombies
  Urug (D:11)
  12 vampire magi
  5 shock serpents
  14 hell knights
  7 orc high priests (Orc:2)
  11 naga sharpshooters
  4 spriggan berserkers
  Sonja (Lair:2)
  18 deep elf knights
  8 soul eaters
  4 sun demons
  11 thrashing horrors
  4 sixfirhies
  Nergalle (D:11)
  3 wretched stars
  3 fire crabs
  18 skeletal warriors
  3 salamander mystics (Snake:4)
  3 iron trolls
  2 spatial maelstroms (Abyss:4)
  Amaemon (Lair:1)
  2 shadow wraiths
  7 sea snakes
  A fire crab (shapeshifter) (D:14)
  A spriggan simulacrum (Abyss:2)
  45 deep trolls
  11 flayed ghosts
  7 glowing orange brains
  4 naga ritualists
  An orb spider (Abyss:4)
  A swamp dragon (Abyss:3)
  9 ironbound convokers
  A bog body (Crypt:1)
  12 phantasmal warriors
  15 wizards
  A bunyip zombie (Crypt:2)
  10 starcursed masses
  2 lindwurms (Vaults:1)
  A lindwurm (shapeshifter) (Vaults:5)
  10 deep elf archers
  26 harpies
  A golden dragon skeleton (Depths:1)
  7 necromancers
  32 ugly things
  13 orc knights
  29 deep elf zephyrmancers
  32 deep elf pyromancers
  20 fauns
  7 orc sorcerers
  4 shining eyes
  8 mana vipers
  7 cyclopes
  A worldbinder (Abyss:2)
  A stone giant zombie (Depths:1)
  13 manticores
  11 merfolk sirens
  10 salamanders
  A fire giant skeleton (Depths:1)
  5 toenail golems (Volcano)
  A stone giant skeleton (Crypt:3)
  26 vault sentinels
  10 elephants
  26 black mambas
  5 guardian serpents
  An elephant (shapeshifter) (Vaults:5)
  24 moths of wrath
  4 torpor snails
  16 naga magi
  4 water nymphs
  A demonic crawler (Abyss:4)
  4 smoke demons
  An alligator snapping turtle zombie (Crypt:1)
  An iron dragon skeleton (Crypt:2)
  2 apocalypse crabs (Abyss:4)
  A titan simulacrum (Abyss:2)
  4 eyes of devastation
  A centaur zombie (Crypt:1)
  11 cane toads
  3 rust devils
  6 orange demons
  6 rime drakes
  5 kobold demonologists
  A yaktaur (shapeshifter) (D:15)
  An unseen horror (Abyss:4)
  A dire elephant skeleton (Crypt:3)
  A hellion (D:15)
  6 komodo dragons
  3 guardian mummies (Crypt:3)
  2 tengu conjurers (Depths:4)
  3 red devils
  A komodo dragon (shapeshifter) (D:15)
  39 yaktaurs
  7 freezing wraiths
  5 ancient zymes
  A purple draconian skeleton (Crypt:2)
  8 trolls
  3 meliai (D:15)
  33 merfolk
  A black draconian skeleton (Crypt:2)
  5 wind drakes
  7 hellwings
  A harpy skeleton (Crypt:3)
  3 polar bears
  2 hornets (Depths:4)
  A tyrant leech (shapeshifter) (Depths:3)
  19 blink frogs
  A snapping turtle (shapeshifter) (Vaults:5)
  22 raiju
  4 snapping turtles
  16 dream sheep
  An ettin zombie (Depths:1)
  A black mamba zombie (Crypt:1)
  3 ynoxinuls (Abyss:4)
  3 flying skulls (Crypt:3)
  84 slime creatures
  4 vampires
  A culicivora (Vaults:3)
  Sigmund (D:2)
  2 wyverns
  A centaur simulacrum (D:14)
  18 large abominations
  4 spriggans
  2 air elementals (Elf:1)
  16 water elementals
  7 shadows
  A satyr skeleton (Crypt:1)
  8 wraiths
  4 steam dragons
  5 golden eyes
  3 humans (Snake:3)
  37 yaks
  Grum (Lair:1)
  2 fire elementals
  4 neqoxecs (Abyss:4)
  A redback (Vaults:2)
  12 vampire mosquitoes
  4 chaos spawn
  4 fire bats (Gauntlet)
  3 basilisks
  A glowing shapeshifter zombie (Depths:1)
  3 wargs (Orc:2)
  2 naga zombies (Crypt:2)
  4 spatial vortices (Abyss:4)
  54 nagas
  An acid dragon (D:6)
  A demonspawn zombie (Crypt:1)
  4 hell hounds (Lair:5)
  15 water moccasins
  A deep troll zombie (Crypt:1)
  3 floating eyes
  Duvessa (D:5)
  A two-headed ogre skeleton (Crypt:1)
  A swamp drake (shapeshifter) (Depths:3)
  3 ice beasts
  A hornet zombie (Crypt:3)
  47 orc warriors
  3 sky beasts
  4 black bears
  5 ogres
  27 wolves
  12 boggarts
  11 centaurs
  5 kobold brigands
  The ghost of NinjaNoafa the Digger, an amateur GrEE (D:4)
  A gnoll sergeant (D:9)
  14 bullfrogs
  2 earth elementals (Elf:2)
  4 scorpions
  A naga simulacrum (Crypt:1)
  3 necrophages
  A wyvern zombie (Crypt:3)
  8 wights
  Dowan (D:6)
  A warg zombie (Crypt:1)
  A yak zombie (Crypt:1)
  4 killer bees (D:10)
  A warg skeleton (Crypt:2)
  A raiju skeleton (Crypt:2)
  6 electric eels
  A polar bear skeleton (Crypt:3)
  A howler monkey (D:5)
  A quasit (Abyss:2)
  10 hounds
  An iron imp (Abyss:4)
  31 orc priests
  9 jellies
  16 orc wizards
  Natasha (thrice) (D:3)
  An iguana (D:5)
  7 small abominations
  A hound zombie (Crypt:1)
  12 gnolls
  4 river rats (Sewer)
  19 adders
  2 shadow imps
  A white imp (Abyss:2)
  An ufetubus (Abyss:4)
  4 worms
  81 orcs
  4 bats
  4 endoplasms
  11 giant cockroaches
  15 goblins
  9 hobgoblins
  19 jackals
  14 kobolds
  8 quokkas
  7 ball pythons
  A ball python zombie (Crypt:3)
  3 frilled lizards
  A giant cockroach zombie (Crypt:1)
  A hobgoblin zombie (Crypt:1)
  20 rats
  2 rat zombies
  A lurking horror (Abyss:4)
  3 starspawn tentacles (Abyss:4)
2530 creatures vanquished.

Vanquished Creatures (others)
  Jorgrun (D:14)
  A walking crystal tome (Depths:3)
  A quicksilver dragon (Zot:3)
  A death cob (Zot:1)
  A fire giant (Depths:2)
  A draconian knight (Zot:5)
  A spectral caustic shrike (Depths:4)
  A war gargoyle (Vaults:4)
  A spriggan defender (Depths:2)
  A deep elf annihilator (Elf:3)
  A black draconian (Abyss:4)
  A red draconian (Zot:5)
  A dire elephant (Vaults:4)
  A merfolk impaler (Shoals:3)
  2 ettins
  A fire dragon (Depths:2)
  A vault guard (Vaults:5)
  An ironbound frostheart (Vaults:2)
  A two-headed ogre (D:8)
  A dancing weapon (Elf:2)
  A deep troll earth mage (Depths:1)
  2 naga sharpshooters (Snake:4)
  2 deep trolls
  A naga ritualist (Snake:1)
  A ghost moth zombie (Crypt:1)
  A wizard (Lair:5)
  2 deep elf zephyrmancers
  A harpy (Shoals:1)
  2 manticores
  An elephant (Lair:4)
  A merfolk siren (Shoals:2)
  A naga mage (Snake:4)
  A cane toad (Lair:4)
  A tengu conjurer (Depths:4)
  2 merfolk
  2 dream sheep
  3 slime creatures
  3 water elementals
  A wraith (Crypt:1)
  A yak (Lair:1)
  A large abomination (D:13)
  A redback (Vaults:3)
  An ettin simulacrum (Depths:1)
  A boggart (Vaults:4)
  A bullfrog (Lair:1)
  An ufetubus (D:5)
  4 orcs
  An endoplasm (D:3)
  2 jackals (D:3)
  35 fungi
  99 plants
  3 starspawn tentacles (Abyss:4)
  8 tentacles (Shoals:4)
209 creatures vanquished.

Grand Total: 2739 creatures vanquished

Notes
Turn   | Place    | Note
-------+----------+-------------------------------------------
     0 | D:1      | NinjaNoafa the Minotaur Fighter began the quest for the
                  | Orb.
     0 | D:1      | Reached XP level 1. HP: 19/19 MP: 0/0
   103 | D:1      | Found Miqil's Magic Scroll Shoppe.
   143 | D:1      | Reached XP level 2. HP: 25/26 MP: 1/1
   738 | D:1      | Reached XP level 3. HP: 26/31 MP: 2/2
   953 | D:2      | Reached skill level 5 in Axes
  1096 | D:2      | Reached XP level 4. HP: 39/39 MP: 3/3
  1106 | D:2      | Noticed Sigmund
  1116 | D:2      | Killed Sigmund
  1117 | D:2      | Reached XP level 5. HP: 42/45 MP: 4/4
  1119 | D:2      | Found a sacrificial altar of Ru.
  1460 | D:2      | Became a worshipper of Ru the Awakened
  1594 | D:3      | Found a basalt altar of Yredelemnul.
  1595 | D:3      | Found a bloodstained altar of Trog.
  1642 | D:3      | Reached XP level 6. HP: 17/51 MP: 5/5
  1774 | D:3      | Noticed Natasha
  1783 | D:3      | Killed Natasha
  1962 | D:1      | Bought a scroll of identify for 24 gold pieces
  1962 | D:1      | Bought a scroll of identify for 24 gold pieces
  1962 | D:1      | Bought a scroll of identify for 24 gold pieces
  1962 | D:1      | Bought a scroll of identify for 24 gold pieces
  1997 | D:3      | Found Ozad's Distillery.
  2005 | D:3      | Bought a potion of degeneration for 10 gold pieces
  2389 | D:3      | Found a faded altar of an unknown god.
  2454 | D:3      | Noticed Natasha
  2461 | D:3      | Killed Natasha
  2642 | D:3      | Noticed Natasha
  2647 | D:3      | Killed Natasha
  3035 | D:4      | Reached XP level 7. HP: 53/57 MP: 6/6
  3036 | D:4      | Gained mutation: You cannot study or use magical devices.
                  | [Ru sacrifice]
  3036 | D:4      | Reached * piety under Ru
  3036 | D:4      | Reached ** piety under Ru
  3271 | D:4      | Found a runed translucent door.
  3386 | D:4      | Found Muluebup's Jewellery Boutique.
  4167 | D:4      | Noticed NinjaNoafa's ghost (amateur GrEE)
  4186 | D:5      | Entered Level 5 of the Dungeon
  4186 | D:5      | Found a staircase to the Ecumenical Temple.
  4194 | Temple   | Entered the Ecumenical Temple
  4372 | D:5      | Reached skill level 1 in Dodging
  4603 | D:3      | Bought a potion of haste for 100 gold pieces
  4603 | D:3      | Bought a potion of resistance for 100 gold pieces
  4688 | D:4      | Reached skill level 10 in Axes
  4690 | D:4      | Killed NinjaNoafa's ghost
  4756 | D:5      | Gained mutation: You cannot study or cast Earth magic. [Ru
                  | sacrifice]
  4756 | D:5      | Gained mutation: You cannot study or cast Hexes magic. [Ru
                  | sacrifice]
  4756 | D:5      | Gained mutation: You cannot study or cast Translocations
                  | magic. [Ru sacrifice]
  4756 | D:5      | Reached *** piety under Ru
  4793 | D:5      | Reached XP level 8. HP: 67/67 MP: 7/7
  4939 | D:5      | Reached skill level 5 in Fighting
  4939 | D:5      | Reached skill level 5 in Armour
  5021 | D:6      | Reached skill level 5 in Dodging
  5032 | D:6      | Noticed Duvessa
  5040 | D:6      | Noticed Dowan
  5069 | D:6      | Found a glowing drain.
  5084 | D:6      | Killed Dowan
  5086 | Sewer    | Entered a sewer
  5858 | D:6      | Noticed a two-headed ogre
  5860 | D:6      | Noticed a kobold demonologist
  6058 | D:5      | Killed a two-headed ogre
  6059 | D:5      | Reached XP level 9. HP: 27/79 MP: 8/8
  6235 | D:5      | Killed Duvessa
  6435 | D:6      | Killed a kobold demonologist
  6568 | D:6      | Found a white marble altar of Elyvilon.
  7527 | D:7      | Reached XP level 10. HP: 86/86 MP: 9/9
  7617 | D:8      | Gained mutation: You cannot be stealthy. [Ru sacrifice]
  7617 | D:8      | Reached **** piety under Ru
  8108 | D:8      | Reached skill level 15 in Axes
  8272 | D:8      | Noticed a two-headed ogre
  8281 | D:8      | Killed a two-headed ogre
  8718 | D:9      | Found a flagged portal.
  8718 | D:9      | Found a sacrificial altar of Ru.
  8718 | D:9      | Found a glowing golden altar of the Shining One.
  8724 | Bailey   | Entered a bailey
  8836 | Bailey   | Noticed an orc knight
  8853 | Bailey   | Killed an orc knight
  9459 | Bailey   | Found an iron altar of Okawaru.
  9459 | Bailey   | Noticed an orc sorcerer
  9461 | Bailey   | Killed an orc sorcerer
  9477 | Bailey   | Identified the +0 robe of the Shining Light {Fly Will++}
  9512 | Bailey   | Identified the +9 spear "Imav" {flame, Int+3}
  9772 | D:9      | Found a shimmering blue altar of Sif Muna.
  9774 | D:9      | Found a glowing silver altar of Zin.
  9776 | D:9      | Found a blossoming altar of Fedhas.
  9905 | D:9      | Reached XP level 11. HP: 85/95 MP: 4/10
 10134 | D:9      | Found a staircase to the Orcish Mines.
 10143 | D:9      | Found Huisef's Weapon Emporium.
 10430 | D:10     | Entered Level 10 of the Dungeon
 10476 | D:10     | Found a staircase to the Lair.
 10502 | D:10     | Gained mutation: You are somewhat unskilled. (-1 Apt) [Ru
                  | sacrifice]
 10502 | D:10     | Reached ***** piety under Ru
 10601 | D:10     | Acquired the +10 crystal plate armour "Aniud" {rElec Dex+3}
 10633 | D:10     | Acquired 602 gold pieces
 11248 | Lair:1   | Entered Level 1 of the Lair of Beasts
 11313 | Lair:1   | Noticed Amaemon
 11329 | Lair:1   | Reached skill level 5 in Shields
 11342 | Lair:1   | Killed Amaemon
 11650 | Lair:1   | Found a dark tunnel.
 11655 | Volcano  | Entered a volcano
 11657 | Volcano  | Noticed a wizard
 11680 | Volcano  | Killed a wizard
 11681 | Volcano  | Reached skill level 1 in Maces & Flails
 11723 | Volcano  | Noticed a wizard
 11730 | Volcano  | Killed a wizard
 11760 | Volcano  | Noticed a wizard
 11762 | Volcano  | Killed a wizard
 11763 | Volcano  | Reached XP level 12. HP: 106/106 MP: 5/11
 11837 | Volcano  | Reached skill level 10 in Fighting
 12201 | Lair:1   | Noticed Grum
 12205 | Lair:1   | Killed Grum
 12860 | Lair:2   | You fall into a shaft and drop 1 floor!
 12883 | Lair:2   | Reached skill level 5 in Maces & Flails
 13139 | Lair:2   | Reached skill level 10 in Armour
 13244 | Lair:2   | Gained mutation: You are hated by all. [Ru sacrifice]
 13245 | Lair:2   | Found a staircase to the Shoals.
 13392 | Lair:2   | Noticed Sonja
 13396 | Lair:2   | Noticed a catoblepas
 13399 | Lair:2   | Killed Sonja
 13415 | Lair:2   | Killed a catoblepas
 13615 | Lair:2   | Noticed an eight-headed hydra
 13627 | Lair:2   | Killed an eight-headed hydra
 13776 | Lair:2   | Reached skill level 10 in Dodging
 13990 | Lair:2   | Found a staircase to the Snake Pit.
 14005 | Lair:2   | Reached XP level 13. HP: 91/113 MP: 7/12
 14125 | Lair:2   | Identified the +3 ring mail "Seqidurch" {-Cast rElec rN++
                  | Str+4}
 15052 | Lair:3   | Gained mutation: You are missing an eye, making it more
                  | difficult to aim. [Ru sacrifice]
 15052 | Lair:3   | Reached ****** piety under Ru
 15863 | Lair:4   | Found a gate leading to a gauntlet.
 15872 | Gauntlet | Entered a Gauntlet
 15872 | Gauntlet | Found a transporter.
 15882 | Gauntlet | Found a transporter.
 15897 | Gauntlet | Found a transporter.
 15902 | Gauntlet | Found a transporter.
 15905 | Gauntlet | Noticed a blizzard demon
 15917 | Gauntlet | Found a transporter.
 15936 | Gauntlet | Found a transporter.
 15948 | Gauntlet | Found a transporter.
 15960 | Gauntlet | Found a transporter.
 15972 | Gauntlet | Found a transporter.
 15980 | Gauntlet | Found a large runed translucent door.
 15981 | Gauntlet | Found a large runed translucent door.
 15982 | Gauntlet | Found a large runed translucent door.
 15982 | Gauntlet | Found a large runed translucent door.
 15983 | Gauntlet | Found a runed translucent gate.
 15984 | Gauntlet | Found a transporter.
 15984 | Gauntlet | Found a runed translucent gate.
 15985 | Gauntlet | Found a runed translucent gate.
 15986 | Gauntlet | Found a large runed translucent door.
 15986 | Gauntlet | Found a large runed translucent door.
 15987 | Gauntlet | Found a large runed translucent door.
 15988 | Gauntlet | Found a large runed translucent door.
 15997 | Gauntlet | Found a large runed translucent door.
 15997 | Gauntlet | Found a large runed translucent door.
 15997 | Gauntlet | Found a runed translucent door.
 15997 | Gauntlet | Found a runed translucent door.
 15998 | Gauntlet | Found a large runed translucent door.
 15999 | Gauntlet | Found a large runed translucent door.
 16001 | Gauntlet | Found a transporter.
 16009 | Gauntlet | Found a large runed translucent door.
 16009 | Gauntlet | Found a large runed translucent door.
 16010 | Gauntlet | Found a large runed translucent door.
 16011 | Gauntlet | Found a large runed translucent door.
 16019 | Gauntlet | Found a transporter.
 16021 | Gauntlet | Found a transporter.
 16021 | Gauntlet | Found the +2 shield of Resistance {rF++ rC++ Will++}
 16046 | Gauntlet | Found a transporter.
 16048 | Gauntlet | Found a transporter.
 16068 | Gauntlet | Found a transporter.
 16146 | Gauntlet | Found a transporter.
 16184 | Gauntlet | Found a transporter.
 16290 | Gauntlet | Reached skill level 10 in Shields
 16443 | Gauntlet | Identified the +8 war axe "Minotaur's Foe" {freeze, rC+
                  | SInv}
 16444 | Gauntlet | Identified the ring "Raerph" {rF+ rC+ Int-4 Dex+4 SInv}
 16534 | Gauntlet | Identified the +10 long sword of the Spheres {flame, rElec
                  | Str+3}
 16534 | Gauntlet | Noticed a minotaur
 16540 | Gauntlet | Killed a minotaur
 17065 | D:3      | Bought a potion of flight for 30 gold pieces
 17065 | D:3      | Bought a potion of haste for 100 gold pieces
 17065 | D:3      | Bought a potion of invisibility for 80 gold pieces
 17065 | D:3      | Bought a potion of cancellation for 80 gold pieces
 17065 | D:3      | Bought a potion of heal wounds for 50 gold pieces
 17065 | D:3      | Bought a potion of curing for 30 gold pieces
 17100 | D:1      | Bought a scroll of enchant armour for 90 gold pieces
 17100 | D:1      | Bought a scroll of magic mapping for 90 gold pieces
 17100 | D:1      | Bought a scroll of teleportation for 36 gold pieces
 17100 | D:1      | Bought a scroll of teleportation for 36 gold pieces
 17100 | D:1      | Bought a scroll of teleportation for 36 gold pieces
 17485 | Lair:5   | Entered Level 5 of the Lair of Beasts
 17711 | Lair:5   | Found a burning altar of Makhleb.
 17911 | Lair:5   | Found a gateway to Hell.
 18216 | Lair:5   | Reached XP level 14. HP: 87/122 MP: 13/13
 18566 | Lair:5   | Found a snail-covered altar of Cheibriados.
 18629 | Lair:5   | Found a staircase to the Slime Pits.
 18747 | Lair:5   | Identified the ring of Vichemy {rF++ SInv}
 19200 | Hell     | Entered the Vestibule of Hell
 19200 | Hell     | Noticed Geryon
 19529 | Orc:1    | Entered Level 1 of the Orcish Mines
 19779 | Orc:2    | Entered Level 2 of the Orcish Mines
 19886 | Orc:2    | Found a staircase to the Elven Halls.
 20220 | Orc:2    | Found Puhoceva's Magic Scroll Shoppe.
 20282 | Orc:2    | Bought a scroll of blinking for 105 gold pieces
 20282 | Orc:2    | Bought a scroll of fog for 56 gold pieces
 20282 | Orc:2    | Bought a scroll of magic mapping for 105 gold pieces
 20462 | Orc:2    | Found Litian's General Store.
 20463 | Orc:2    | Found Iseycohi's Magic Scroll Boutique.
 20638 | Orc:2    | Bought a scroll of blinking for 135 gold pieces
 20638 | Orc:2    | Bought a scroll of enchant armour for 135 gold pieces
 20638 | Orc:2    | Bought a scroll of teleportation for 54 gold pieces
 20638 | Orc:2    | Bought a scroll of magic mapping for 135 gold pieces
 20638 | Orc:2    | Bought a scroll of identify for 36 gold pieces
 20638 | Orc:2    | Bought a scroll of identify for 36 gold pieces
 20640 | Orc:2    | Bought a scroll of identify for 32 gold pieces
 20640 | Orc:2    | Bought a scroll of enchant armour for 120 gold pieces
 20907 | Orc:2    | Found Aley's Antique Armour Shoppe.
 20907 | Orc:2    | Found Lom Wif's Jewellery Emporium.
 20908 | Orc:2    | Found a one-way gate leading to the halls of Pandemonium.
 20910 | Orc:2    | Bought a glowing hat for 175 gold pieces
 20918 | Orc:2    | Bought an amulet of regeneration for 390 gold pieces
 20963 | Orc:2    | Noticed an orc warlord
 20983 | Orc:2    | Killed an orc warlord
 21201 | Elf:1    | Entered Level 1 of the Elven Halls
 21223 | Elf:1    | Reached skill level 15 in Axes
 21742 | D:11     | Noticed Harold
 21755 | D:11     | Killed Harold
 21774 | D:11     | Noticed Nergalle
 21786 | D:11     | Killed Nergalle
 21797 | D:11     | Noticed Erolcha
 21809 | D:11     | Killed Erolcha
 21810 | D:11     | Reached XP level 15. HP: 132/132 MP: 14/14
 22001 | D:11     | Identified the ring "Umnec" {rPois rF+ Dex+4}
 22043 | D:11     | Noticed Urug
 22055 | D:11     | Killed Urug
 23414 | D:13     | Reached skill level 1 in Throwing
 23510 | D:13     | Found a gate to the Vaults.
 23702 | D:14     | Noticed Snorg
 23713 | D:14     | Killed Snorg
 23939 | D:14     | Noticed Rupert
 23948 | D:14     | Killed Rupert
 23995 | D:14     | Noticed Jorgrun
 24010 | D:14     | Killed Jorgrun
 24011 | D:14     | Reached skill level 5 in Throwing
 24394 | D:15     | Entered Level 15 of the Dungeon
 24832 | D:15     | Noticed a fire giant
 24846 | D:15     | Killed a fire giant
 25177 | D:15     | Found a staircase to the Depths.
 25490 | Snake:1  | Entered Level 1 of the Snake Pit
 25772 | Snake:1  | Reached XP level 16. HP: 132/141 MP: 15/15
 26053 | Shoals:1 | Entered Level 1 of the Shoals
 26211 | Shoals:1 | Reached skill level 10 in Throwing
 26980 | Shoals:1 | Acquired a manual of Dodging
 26983 | Shoals:1 | Acquired 926 gold pieces
 27079 | Shoals:2 | Found Poenowk's Jewellery Shop.
 27122 | Shoals:2 | Found Ulixueg's Jewellery Boutique.
 27147 | Shoals:2 | Bought an amulet of reflection for 390 gold pieces
 27848 | Shoals:3 | Found a hide-covered altar of Uskayaw.
 28309 | Snake:2  | Identified the +3 falchion "Impbane" {flame, *Slow rPois
                  | rC+ rCorr}
 28607 | Snake:2  | You fall into a shaft and drop 1 floor!
 28668 | Snake:3  | Reached XP level 17. HP: 60/134 MP: 6/16
 28680 | Snake:3  | Noticed Kirke
 28695 | Snake:3  | Killed Kirke
 28784 | Snake:3  | Found Runiemul's Armour Boutique.
 29131 | Snake:2  | Reached skill level 15 in Dodging
 30047 | Snake:4  | Entered Level 4 of the Snake Pit
 30166 | Snake:4  | Noticed Vashnia
 30215 | Snake:4  | Killed Vashnia
 30622 | Snake:4  | Found Riur's Assorted Antiques.
 30642 | Snake:4  | Found Egrua's Antique Armour Emporium.
 30642 | Snake:4  | Found Rileboh's Assorted Antiques.
 30652 | Snake:4  | Found Fuohec's Distillery.
 30654 | Snake:4  | Bought a potion of curing for 90 gold pieces
 30654 | Snake:4  | Bought a potion of invisibility for 240 gold pieces
 30654 | Snake:4  | Bought a potion of cancellation for 240 gold pieces
 30660 | Snake:4  | Bought a potion of lignification for 39 gold pieces
 30660 | Snake:4  | Bought a potion of curing for 39 gold pieces
 30660 | Snake:4  | Bought a potion of cancellation for 104 gold pieces
 30660 | Snake:4  | Bought a potion of invisibility for 104 gold pieces
 30660 | Snake:4  | Bought 2 potions of resistance for 260 gold pieces
 30660 | Snake:4  | Bought a potion of might for 52 gold pieces
 30660 | Snake:4  | Bought a potion of curing for 39 gold pieces
 30901 | Snake:4  | Found Ryotzuj's Armour Boutique.
 31254 | Snake:4  | Got a serpentine rune of Zot
 32103 | Shoals:3 | Found Veolu's Weapon Emporium.
 32133 | Shoals:3 | Reached XP level 18. HP: 100/142 MP: 8/17
 32801 | Shoals:4 | Entered Level 4 of the Shoals
 33742 | Shoals:4 | Acquired the +2 pair of gloves of the Avant Garde God
                  | {Regen+ Str+4}
 33757 | Shoals:4 | Found a transporter.
 33899 | Shoals:4 | Got a barnacled rune of Zot
 34006 | Shoals:4 | Found a transporter.
 34124 | Shoals:4 | Found a transporter.
 34125 | Shoals:4 | Found a transporter.
 34135 | Shoals:4 | Found a transporter.
 34142 | Shoals:4 | Found a transporter.
 34325 | Shoals:4 | Got Veoleam's Vellum of Silt and Filth
 34814 | Vaults:1 | Entered Level 1 of the Vaults
 35450 | Vaults:1 | Found a gateway to a bazaar.
 35469 | Bazaar   | Entered a bazaar
 35469 | Bazaar   | Found Oheisib's Antique Weapon Boutique.
 35481 | Bazaar   | Found Lufeuck's General Store.
 35492 | Bazaar   | Found Owneonk's Jewellery Boutique.
 35503 | Bazaar   | Found Gaegaic's Antique Armour Emporium.
 35511 | Bazaar   | Found Alitix's Distillery.
 35525 | Bazaar   | Bought a potion of mutation for 128 gold pieces
 35525 | Bazaar   | Bought a potion of mutation for 128 gold pieces
 35525 | Bazaar   | Bought a potion of lignification for 48 gold pieces
 35525 | Bazaar   | Bought a potion of berserk rage for 80 gold pieces
 35525 | Bazaar   | Bought a potion of curing for 48 gold pieces
 35525 | Bazaar   | Bought a potion of heal wounds for 80 gold pieces
 35525 | Bazaar   | Bought 2 potions of might for 128 gold pieces
 35525 | Bazaar   | Bought a potion of cancellation for 128 gold pieces
 35547 | Bazaar   | Bought a potion of cancellation for 136 gold pieces
 35969 | Vaults:1 | Reached skill level 15 in Armour
 36355 | Vaults:2 | Reached skill level 15 in Fighting
 36357 | Vaults:2 | Reached skill level 15 in Shields
 36391 | Vaults:2 | You fall into a shaft and drop 2 floors!
 36407 | Vaults:4 | Reached XP level 19. HP: 147/157 MP: 9/18
 36966 | Vaults:4 | Reached skill level 15 in Throwing
 37012 | Vaults:4 | Identified the +2 helmet of Baldness {Harm}
 37985 | Vaults:3 | Found Quesm's Assorted Antiques.
 37993 | Vaults:3 | Bought a potion of curing for 123 gold pieces
 38451 | Vaults:2 | Found Vasuesk's General Store.
 38461 | Vaults:2 | Bought a scroll of fear for 56 gold pieces
 38743 | Vaults:2 | Noticed Viffuud's ghost (master GrBe)
 38744 | Vaults:2 | Found a transporter.
 38791 | Vaults:2 | Reached XP level 20. HP: 122/180 MP: 19/19
 39411 | Vaults:2 | Identified the +2 great mace of Vugy {freeze, rF+ Dex+3}
 40103 | Slime:1  | Entered Level 1 of the Pits of Slime
 40617 | Slime:2  | Noticed Dissolution
 40625 | Slime:2  | Paralysed by a floating eye for 2 turns
 40641 | Slime:2  | Killed Dissolution
 41249 | Vaults:3 | Found a staircase to the Crypt.
 41682 | Depths:1 | Entered Level 1 of the Depths
 41749 | Depths:1 | Found Wyno's Antique Weapon Shop.
 41832 | Depths:1 | Found Citibr Wode's Distillery.
 41838 | Depths:1 | Bought a potion of cancellation for 128 gold pieces
 41838 | Depths:1 | Bought a potion of heal wounds for 80 gold pieces
 41838 | Depths:1 | Bought a potion of might for 64 gold pieces
 41838 | Depths:1 | Bought a potion of might for 64 gold pieces
 42170 | Depths:1 | Found a sparkling altar of Nemelex Xobeh.
 42701 | Depths:2 | Noticed Vv
 42718 | Depths:2 | Killed Vv
 42741 | Depths:2 | Reached XP level 21. HP: 174/184 MP: 15/20
 42844 | Depths:2 | Found the +0 pair of fencer's gloves {Riposte Dex+3}
 43350 | Depths:2 | Noticed a caustic shrike
 43359 | Depths:2 | Killed a caustic shrike
 43364 | Depths:2 | Identified the ring "Roukouk" {rPois Will- Int+4}
 45931 | Slime:5  | Entered Level 5 of the Pits of Slime
 46290 | Slime:5  | Gained mutation: You are vulnerable to heat. (rF-) [a
                  | shining eye]
 46338 | Slime:5  | Noticed the Royal Jelly
 46351 | Slime:5  | Killed the Royal Jelly
 46701 | Slime:4  | Lost mutation: You are vulnerable to heat. (rF-) [potion of
                  | mutation]
 46701 | Slime:4  | Gained mutation: You have a pair of large horns on your
                  | head. [potion of mutation]
 46701 | Slime:4  | Gained mutation: You have sharp toenails. [potion of
                  | mutation]
 46860 | Slime:5  | Identified the +1 dire flail of the Foot {freeze, *Noise
                  | Fly rElec Stlth+}
 46932 | Slime:5  | Got a slimy rune of Zot
 47661 | Vaults:5 | Entered Level 5 of the Vaults
 48035 | Crypt:1  | Entered Level 1 of the Crypt
 48043 | Crypt:1  | Reached XP level 22. HP: 202/204 MP: 15/21
 48091 | Crypt:1  | Acquired a manual of Shields
 48486 | Elf:1    | Identified the +3 bardiche of Riot {protect, Str+6}
 49299 | Elf:1    | Found a portal to a secret trove of treasure.
 49884 | Snake:4  | Bought a potion of mutation for 336 gold pieces
 49884 | Snake:4  | Bought a potion of curing for 126 gold pieces
 49884 | Snake:4  | Bought a scroll of fog for 168 gold pieces
 50170 | Depths:1 | Bought a potion of lignification for 48 gold pieces
 50376 | Vaults:2 | Bought a scroll of vulnerability for 56 gold pieces
 50754 | Elf:1    | You paid a toll of a +5 demon trident to enter a treasure
                  | trove
 50755 | Trove    | Entered a treasure trove
 50758 | Trove    | Found the +10 tower shield of Ignorance {rN+ Int-4}
 50759 | Trove    | Identified the +10 gold dragon scales of Day {rPois rF+ rC+
                  | Str+6}
 50768 | Trove    | Identified the +0 cloak "Ruwkih" {Str+3 Int+3 Slay+3}
 50839 | Trove    | Identified the +3 pair of boots of Niahiab {rElec Str+4
                  | Int+4}
 50858 | Trove    | Identified the +16 plate armour of Oblivion {Str+5 Slay-4}
 50872 | Trove    | Identified the +5 crystal plate armour "Haimm" {Int-5
                  | Dex+4}
 50875 | Trove    | Identified the +3 tower shield of Shielding {rElec Str+6
                  | Int-4}
 51153 | Elf:2    | Found a runed translucent gate.
 51153 | Elf:2    | Found a runed translucent gate.
 51156 | Elf:2    | Found a runed translucent gate.
 51246 | Elf:2    | Found an ancient bone altar of Kikubaaqudgha.
 51415 | Elf:2    | Found Bunu's Weapon Shoppe.
 51787 | Elf:2    | Noticed Nikola
 51826 | Elf:2    | Killed Nikola
 52065 | Elf:3    | Entered Level 3 of the Elven Halls
 52438 | Elf:3    | Identified the +6 great sword "Cytziria" {freeze, rN+
                  | Stlth+}
 52507 | Abyss:2  | Cast into level 2 of the Abyss (a deep elf demonologist)
 52662 | Abyss:2  | Found a corrupted altar of Lugonu.
 52711 | Abyss:2  | Found a corrupted altar of Lugonu.
 52806 | Elf:3    | Escaped the Abyss
 52950 | Elf:3    | Identified the +4 broad axe "Lifebane" {flame, +Blink
                  | Str+7}
 53102 | Elf:3    | Identified the +1 helmet "Capsej" {rF- Str-4 Int+3 Dex+6}
 53125 | Elf:3    | Identified the amulet of Elyvilon's Grace {Spirit rElec}
 53127 | Elf:3    | Identified the +2 robe of Insurance {Regen+}
 53128 | Elf:3    | Identified the +6 trident "Fagis" {freeze, rC++ Dex+2}
 53138 | Elf:3    | Got Sif Muna's Information on the Assembled Shapeshifter
 53143 | Elf:3    | Identified the +5 quick blade "Fishedel" {freeze, rN+++}
 53148 | Elf:3    | Identified the +1 chain mail of Opedoev {-Cast Dex+7
                  | Stlth+}
 54058 | Crypt:1  | Reached XP level 23. HP: 208/215 MP: 22/22
 55173 | Crypt:2  | Paralysed by a vampire knight for 4 turns
 56599 | Vaults:5 | Paralysed by a sphinx for 5 turns
 57394 | Depths:3 | Noticed a juggernaut
 57394 | Depths:3 | Noticed a juggernaut
 57403 | Depths:3 | Killed a juggernaut
 57431 | Depths:3 | Killed a juggernaut
 57726 | Vaults:2 | Bought a potion of magic for 112 gold pieces
 57726 | Vaults:2 | Bought a potion of magic for 112 gold pieces
 57726 | Vaults:2 | Bought a potion of magic for 112 gold pieces
 58012 | Depths:3 | Noticed a juggernaut
 58022 | Depths:3 | Killed a juggernaut
 58160 | Depths:3 | Identified the +4 morningstar of Severance {flame, *Rage
                  | Fragile Int+5 SInv}
 58263 | Depths:3 | Reached XP level 24. HP: 226/226 MP: 18/22
 58698 | Depths:3 | Found a one-way gate to the infinite horrors of the Abyss.
 58741 | Depths:4 | Entered Level 4 of the Depths
 58904 | Depths:4 | Noticed Margery
 58919 | Depths:4 | Killed Margery
 59245 | Depths:4 | Noticed a juggernaut
 59256 | Depths:4 | Killed a juggernaut
 59375 | Depths:4 | Found a one-way gateway to a ziggurat.
 59852 | Depths:4 | Found a gate to the Realm of Zot.
 61431 | Crypt:3  | Entered Level 3 of the Crypt
 61469 | Crypt:3  | Noticed a dread lich
 61470 | Crypt:3  | Paralysed by a dread lich for 5 turns
 61479 | Crypt:3  | Killed a dread lich
 62443 | Vaults:5 | Got a silver rune of Zot
 62476 | Vaults:5 | Got the Secrets of Flesh
 62518 | Vaults:5 | Identified the ring of Iranos {Will+ Dex+4}
 62689 | Vaults:5 | Identified the +3 short sword of Untimely Demise {speed,
                  | rF+ Will- Str+3}
 63049 | Vaults:5 | Identified the +0 ring mail "Dohe" {Str+4}
 63629 | Depths:3 | Voluntarily entered the Abyss.
 63870 | Abyss:4  | Found a corrupted altar of Lugonu.
 63876 | Abyss:4  | Reached XP level 25. HP: 237/240 MP: 17/22
 63893 | Abyss:4  | Gained mutation: Your magical capacity is low. (-10% MP) [a
                  | neqoxec]
 63895 | Abyss:4  | Gained mutation: You are occasionally teleported next to
                  | monsters. [a neqoxec]
 63898 | Abyss:4  | Gained mutation: You are dopey. (Int -2) [a neqoxec]
 63989 | Abyss:4  | Paralysed by you for 5 turns
 64593 | Depths:3 | Escaped the Abyss
 66024 | Crypt:2  | Lost mutation: You are dopey. (Int -2) [potion of mutation]
 66024 | Crypt:2  | Lost mutation: You have a pair of large horns on your head.
                  | [potion of mutation]
 66024 | Crypt:2  | Gained mutation: You are partially covered in large bone
                  | plates. (SH +4) [potion of mutation]
 66024 | Crypt:2  | Gained mutation: You have a somewhat thin skeletal
                  | structure. (Dex +2, Stealth+) [potion of mutation]
 66024 | Crypt:2  | Gained mutation: Your mind is acute. (Int +4, Str/Dex -1)
                  | [potion of mutation]
 66025 | Crypt:2  | Lost mutation: You are occasionally teleported next to
                  | monsters. [potion of mutation]
 66025 | Crypt:2  | Lost mutation: You have sharp toenails. [potion of
                  | mutation]
 66025 | Crypt:2  | Lost mutation: You are partially covered in large bone
                  | plates. (SH +4) [potion of mutation]
 66025 | Crypt:2  | Gained mutation: You expend magic power (3 MP) to
                  | strengthen your wands. [potion of mutation]
 66025 | Crypt:2  | Gained mutation: You have sharp toenails. [potion of
                  | mutation]
 66025 | Crypt:2  | Gained mutation: You are somewhat resistant to further
                  | mutation. [potion of mutation]
 66026 | Crypt:2  | Acquired a manual of Throwing
 66417 | Zot:1    | Entered Level 1 of the Realm of Zot
 66551 | Zot:1    | Identified the ring of Xisek {rC+ Will++ Str+5 Dex+6}
 68088 | Zot:2    | Reached skill level 10 in Maces & Flails
 68352 | Zot:2    | Noticed a Killer Klown
 68359 | Zot:2    | Killed a Killer Klown
 68824 | Zot:3    | Reached XP level 26. HP: 254/254 MP: 19/19
 70800 | Elf:2    | Bought 5 atropa-tipped darts for 58 gold pieces
 71477 | Shoals:3 | Bought 3 boomerangs of dispersal for 360 gold pieces
 71794 | Vaults:2 | Found a transporter.
 71803 | Vaults:2 | Killed Viffuud's ghost
 71813 | Vaults:2 | Identified the +8 battleaxe of the Baking Rat {pain, Will+}
 71815 | Vaults:2 | Identified the +3 cloak of Youthful Indiscretion {rElec rN+
                  | Regen+}
 72107 | Hell     | Killed Geryon
 72521 | Zot:4    | Identified the +7 battleaxe "Idapsiygg" {elec, Int+5}
 72788 | Zot:5    | Entered Level 5 of the Realm of Zot
 73094 | Zot:5    | Identified the +6 glaive of Jielamim {freeze, *Rage rElec
                  | Will+ SInv}
 73457 | Zot:5    | Noticed an ancient lich
 73460 | Zot:5    | Noticed an orb of fire
 73465 | Zot:5    | Killed an ancient lich
 73465 | Zot:5    | Noticed a dread lich
 73467 | Zot:5    | Killed an orb of fire
 73468 | Zot:5    | Noticed an orb of fire
 73469 | Zot:5    | Noticed an orb of fire
 73469 | Zot:5    | Noticed an orb of fire
 73471 | Zot:5    | Noticed an orb of fire
 73473 | Zot:5    | Noticed an orb of fire
 73473 | Zot:5    | Gained mutation: You are weak. (Str -2) [mutagenic glow]
 73485 | Zot:5    | Gained mutation: You are occasionally teleported next to
                  | monsters. [mutagenic glow]
 73487 | Zot:5    | Killed a dread lich
 73497 | Zot:5    | Noticed an orb of fire
 73499 | Zot:5    | Lost mutation: You expend magic power (3 MP) to strengthen
                  | your wands. [potion of mutation]
 73499 | Zot:5    | Lost mutation: You have a somewhat thin skeletal structure.
                  | (Dex +2, Stealth+) [potion of mutation]
 73499 | Zot:5    | Lost mutation: You have sharp toenails. [potion of
                  | mutation]
 73499 | Zot:5    | Gained mutation: You are often teleported next to monsters.
                  | [potion of mutation]
 73499 | Zot:5    | Gained mutation: You have a somewhat thin skeletal
                  | structure. (Dex +2, Stealth+) [potion of mutation]
 73501 | Zot:5    | Gained mutation: You occasionally lose the ability to read
                  | scrolls when taking damage. [mutagenic glow]
 73699 | Zot:4    | Lost mutation: Your magical capacity is low. (-10% MP)
                  | [potion of mutation]
 73699 | Zot:4    | Lost mutation: You are often teleported next to monsters.
                  | [potion of mutation]
 73699 | Zot:4    | Lost mutation: You occasionally lose the ability to read
                  | scrolls when taking damage. [potion of mutation]
 73699 | Zot:4    | Gained mutation: You passively dampen the noise of your
                  | surroundings. [potion of mutation]
 73700 | Zot:4    | Lost mutation: You are occasionally teleported next to
                  | monsters. [potion of mutation]
 73700 | Zot:4    | Lost mutation: Your mind is acute. (Int +4, Str/Dex -1)
                  | [potion of mutation]
 73700 | Zot:4    | Lost mutation: You are somewhat resistant to further
                  | mutation. [potion of mutation]
 73700 | Zot:4    | Gained mutation: You are agile. (Dex +4, Str/Int -1)
                  | [potion of mutation]
 74593 | Crypt:3  | Noticed an ancient lich
 74593 | Crypt:3  | Noticed a dread lich
 74609 | Crypt:3  | Killed an ancient lich
 74613 | Crypt:3  | Killed a dread lich
 74622 | Crypt:3  | Identified the ring "Ebuaneh" {rElec rPois rN+++ Str-4
                  | Int+2}
 75007 | Crypt:3  | Found a staircase to the Tomb.
 75663 | Zot:5    | Noticed an orb of fire
 75666 | Zot:5    | Gained mutation: You occasionally lose the ability to read
                  | scrolls when taking damage. [an orb of fire]
 75676 | Zot:5    | Gained mutation: You have hidden genetic defects. [an orb
                  | of fire]
 75682 | Zot:5    | Killed an orb of fire
 75683 | Zot:5    | Lost mutation: You are weak. (Str -2) [potion of mutation]
 75683 | Zot:5    | Lost mutation: You are agile. (Dex +4, Str/Int -1) [potion
                  | of mutation]
 75683 | Zot:5    | Gained mutation: You occasionally lose the ability to drink
                  | potions when taking damage. [potion of mutation]
 75683 | Zot:5    | Gained mutation: You have a moderately thin skeletal
                  | structure. (Dex +4, Stealth++) [potion of mutation]
 75683 | Zot:5    | Gained mutation: Your muscles are strong. (Str +4, Int/Dex
                  | -1) [potion of mutation]
 75684 | Zot:5    | Lost mutation: Your muscles are strong. (Str +4, Int/Dex
                  | -1) [potion of mutation]
 75684 | Zot:5    | Lost mutation: You have a moderately thin skeletal
                  | structure. (Dex +4, Stealth++) [potion of mutation]
 75684 | Zot:5    | Gained mutation: Armour fits poorly on your strangely
                  | shaped body. [potion of mutation]
 75684 | Zot:5    | Gained mutation: You are partially covered in large bone
                  | plates. (SH +4) [potion of mutation]
 75684 | Zot:5    | Gained mutation: You are occasionally teleported next to
                  | monsters. [potion of mutation]
 75684 | Zot:5    | Gained mutation: You passively map a small area around you.
                  | [potion of mutation]
 75685 | Zot:5    | Lost mutation: You occasionally lose the ability to read
                  | scrolls when taking damage. [potion of mutation]
 75685 | Zot:5    | Lost mutation: You have hidden genetic defects. [potion of
                  | mutation]
 75685 | Zot:5    | Gained mutation: You are somewhat resistant to further
                  | mutation. [potion of mutation]
 75686 | Zot:5    | Lost mutation: You occasionally lose the ability to drink
                  | potions when taking damage. [potion of mutation]
 75686 | Zot:5    | Lost mutation: You have a somewhat thin skeletal structure.
                  | (Dex +2, Stealth+) [potion of mutation]
 75686 | Zot:5    | Gained mutation: You expend magic power (3 MP) to
                  | strengthen your wands. [potion of mutation]
 75687 | Zot:5    | Lost mutation: You passively map a small area around you.
                  | [potion of mutation]
 75687 | Zot:5    | Lost mutation: You are partially covered in large bone
                  | plates. (SH +4) [potion of mutation]
 75687 | Zot:5    | Lost mutation: You expend magic power (3 MP) to strengthen
                  | your wands. [potion of mutation]
 75688 | Zot:5    | Lost mutation: Armour fits poorly on your strangely shaped
                  | body. [potion of mutation]
 75688 | Zot:5    | Lost mutation: You are somewhat resistant to further
                  | mutation. [potion of mutation]
 75688 | Zot:5    | Gained mutation: You are partially covered in iridescent
                  | scales. (AC +2) [potion of mutation]
 75688 | Zot:5    | Gained mutation: You occasionally shout uncontrollably at
                  | your foes. [potion of mutation]
 75688 | Zot:5    | Gained mutation: You are mostly covered in iridescent
                  | scales. (AC +4) [potion of mutation]
 75689 | Zot:5    | Lost mutation: You occasionally shout uncontrollably at
                  | your foes. [potion of mutation]
 75689 | Zot:5    | Lost mutation: You passively dampen the noise of your
                  | surroundings. [potion of mutation]
 75689 | Zot:5    | Lost mutation: You are mostly covered in iridescent scales.
                  | (AC +4) [potion of mutation]
 75689 | Zot:5    | Gained mutation: You occasionally lose the ability to read
                  | scrolls when taking damage. [potion of mutation]
 75689 | Zot:5    | Lost mutation: You are occasionally teleported next to
                  | monsters. [potion of mutation]
 75689 | Zot:5    | Gained mutation: You are somewhat resistant to further
                  | mutation. [potion of mutation]
 75689 | Zot:5    | Gained mutation: Your spells are a little harder to cast,
                  | but a little more powerful. [potion of mutation]
 75802 | Zot:5    | Noticed a dread lich
 75810 | Zot:5    | Killed a dread lich
 75868 | Zot:5    | Killed an orb of fire
 75869 | Zot:5    | Reached XP level 27. HP: 264/264 MP: 7/22
 75921 | Zot:5    | Gained mutation: Armour fits poorly on your strangely
                  | shaped body. [an orb of fire]
 75930 | Zot:5    | Killed an orb of fire
 75935 | Zot:5    | Gained mutation: You occasionally shout uncontrollably at
                  | your foes. [an orb of fire]
 75942 | Zot:5    | Killed an orb of fire
 75946 | Zot:5    | Killed an orb of fire
 76037 | Zot:5    | Gained mutation: You frequently scream uncontrollably at
                  | your foes. [an orb of fire]
 76040 | Zot:5    | Killed an orb of fire
 76062 | Zot:5    | Killed an orb of fire
 76501 | Zot:5    | Got the Orb of Zot
 76584 | Zot:5    | Lost mutation: Your spells are a little harder to cast, but
                  | a little more powerful. [mutagenic glow]
 76658 | Zot:3    | Noticed a seraph
 76726 | Depths:4 | Noticed Inostrej the pandemonium lord
 77293 | D:$      | Escaped with the Orb!

Illustrated notes

Levels and vault maps discovered:
D:1:      dpeg_arrival_erosion, layout_basic, serial_shops, shop,
          minmay_misc_feat_square, minmay_tromino_v2
D:2:      layout_rooms, basic_altar, minmay_rat_gold_closets, uniq_sigmund
D:3:      layout_loops_corners, gammafunk_temple_overflow_statue,
          ebering_ecumenical_altar_hall, serial_shops, shop,
          lemuel_flame_loot_1, uniq_natasha
D:4:      layout_layer_cave, ebering_ghost_sewer_d, serial_shops,
          nicolae_shop_trees
D:5:      minmay_evil_eye, layout_rooms, minmay_temple_entry_overgrown
D:6:      layout_rooms, nicolae_elyvilon_temple_path, gup_sewer_entry_pipe,
          minmay_manual_monstrance, uniq_duvessa
D:7:      layout_basic
D:8:      layout_basic
D:9:      layout_basic, grunt_temple_overflow_open, orc_david_3, enter_bailey_3
D:10:     layout_basic, hellmonk_lair_entry_icy
D:11:     layout_roguey, uniq_nergalle, uniq_harold, uniq_urug, uniq_erolcha
D:12:     layout_gridville
D:13:     layout_basic, hangedman_vaults_entry_quadrant_bands,
          lemuel_flamethrower_2
D:14:     layout_cave_pods, minmay_misc_feat_more_columns, uniq_snorg,
          uniq_jorgrun, uniq_rupert
D:15:     grunt_enter_depths_snipers, layout_long_grid, hangedman_decor_points,
          chequers_serial_rivers_small_3, grunt_tough_drop
Temple:   nicolae_temple_great_sept
Lair:1:   beast_lair_carwin_large_4, layout_loops_ring, enter_volcano_4,
          nicolae_quartered_pool_medium, evilmike_ambush
          [evilmike_ambush_outer_pillars, evilmike_ambush_inner_pond],
          uniq_grum, uniq_amaemon
Lair:2:   layout_layer_cave, elwin_shoals_entry_rocks,
          minmay_snake_entry_guardpost_small, forest_entry_grove, uniq_sonja
Lair:3:   layout_small_grid
Lair:4:   layout_roguey, gauntlet_entry_generic
Lair:5:   evil_forest, layout_big_grid, nicolae_slime_entry_field_trip,
          serial_bayou_ford_a, chequers_serial_rivers_small_3,
          kennysheep_snail_temple, infiniplex_staircase_pool_2
Shoals:1: layout_shoals
Shoals:2: layout_shoals, serial_shops, nicolae_lakefront_shop,
          nicolae_stop_n_shop_2
Shoals:3: layout_shoals, serial_shops, nicolae_take_the_stairs,
          lemuel_centaur_altar
Shoals:4: shoals_end_grunt_ice, layout_shoals, serial_nicolae_subway,
          nicolae_sub_station_stone, nicolae_sub_station_crystal,
          nicolae_sub_station_metal
Snake:1:  layout_misc_corridors
Snake:2:  layout_gridlike, grunt_megastairs_4
Snake:3:  nicolae_snake_hallway, layout_rooms, serial_shops, shop, drop_trap,
          uniq_kirke
Snake:4:  minmay_snake_end_coiled, layout_cave_town, serial_shops,
          nicolae_shop_competitors_out_of_business, minmay_shoptagon,
          uniq_vashnia
Slime:1:  layout_caves
Slime:2:  layout_caves, uniq_dissolution
Slime:3:  layout_caves
Slime:4:  nicolae_slime_infinislime, layout_caves
Slime:5
Orc:1:    layout_caves, basic_altar, nicolae_orc_rich_vein
Orc:2:    pf_orc_diabolical, layout_diamond_mine, serial_shops,
          nicolae_shop_crystal
Elf:1:    eino_elf_arrival_sip, layout_loops_cross, nicolae_trove_entry_columns,
          hangedman_elf_represent
Elf:2:    elven_hall_of_blades_hangedman_original [grunt_blade_entry_basic],
          layout_loops_cross, basic_altar, serial_shops,
          nicolae_shop_hallway_stairs, uniq_nikola
Elf:3:    elf_hall_gauntlet_narrow, layout_geoelf_grid, st_stairs_6
Vaults:1: ontoclasm_vaults_loading_screen, special_room_vaults
          [special_room_orc], v_misc_16, vaults_room_fours,
          hangedman_vaults_snaps, v_misc_3, layout_vaults_quadrants,
          serial_shops, bzr_entry_safe
Vaults:2: gammafunk_ghost_smash, ontoclasm_vaults_gateway, st_cross,
          vaults_room_stairs_pillars, v_alt_pattern_2, v_misc_9,
          nicolae_vaults_little_squares_6, vaults_mumra_chevron_long,
          nicolae_vaults_network_quinsquares
          [nicolae_vaults_network_quincunx_subvault,
          nicolae_vaults_network_quincunx_subvault,
          nicolae_vaults_network_quincunx_subvault,
          nicolae_vaults_network_quincunx_subvault], ontoclasm_vaults_fault,
          nicolae_vaults_network_s, v_misc_30, v_misc_3, layout_vaults_ring,
          serial_shops, nicolae_square_shop
Vaults:3: v_rooms_1, vaults_standard_mumra_lines,
          nicolae_vaults_border_crossing, v_misc_24,
          hangedman_vaults_corner_blocks, nicolae_vaults_stairing_the_circle,
          vaults_mumra_hexcomb, vaults_dpeg_emergency_exit,
          layout_vaults_chaotic_city, serial_shops, shop
Vaults:4: v_misc_23, nicolae_vaults_ninety_degrees, v_misc_31, v_misc_30,
          v_rooms_2, ontoclasm_vaults_ring_square, grunt_vaults_focal,
          ontoclasm_vaults_ligature, vaults_room_pool,
          nicolae_vaults_little_squares_5, hangedman_vaults_restitches,
          vaults_dpeg_hooks, layout_vaults_omnibox
Vaults:5
Crypt:1:  layout_misc_corridors, grunt_ministairs_4, palyth_stone_intersect,
          lemuel_upstairs_altar
Crypt:2:  layout_misc_corridors, serial_co_window_serial, co_window_paths_a,
          co_window_corner_a, co_window_of_opportunity_a, co_window_corner_a,
          co_window_paths_a, co_window_corner_b, co_window_unsneaky_path_e,
          co_window_broadway_a
Crypt:3:  david_glass_crypt, layout_misc_corridors, tomb_entry_shell_bobbens
Depths:1: layout_cave_pools, hell_entry, serial_shops, kennysheep_mini, shop,
          kennysheep_doodads, nemelex_spade_bored_becter
Depths:2: minmay_the_grid_octo_tiled_octocenter
          [minmay_the_grid_octo_checkerflower, minmay_the_grid_octo_clover_2,
          minmay_the_grid_octo_concentric, minmay_the_grid_octo_toaster,
          minmay_the_grid_octo_prize_square_snowflake,
          minmay_the_grid_square_5x5_c, minmay_the_grid_square_5x5_slash,
          minmay_the_grid_square_5x5_comb,
          minmay_the_grid_square_5x5_checkered_sparse], layout_long_grid,
          rand_demon_pan_entry_5, hell_entry, infiniplex_staircase_zigzag_3,
          uniq_vv
Depths:3: nicolae_legendary_halls, layout_basic, marbit_kobold_abyss_entry,
          grunt_hell_horde
Depths:4: grunt_zot_entry_alcove, layout_honeycomb, enter_ziggurat_b,
          pf_hell_entry_tar_river, uniq_margery
Hell
Zot:1:    layout_twisted_circle, st_single_dragon_hoard_3, st_stairs_8
Zot:2:    layout_concentric_octagons, grunt_megastairs_2
Zot:3:    layout_misc_corridors
Zot:4:    layout_twisted_circle
Zot:5:    layout_misc_corridors, kennysheep_underground_church

Skill      XL: |  1  2  3  4  5  6  7  8  9 10 11 12 13 14 15 16 17 18 19 20 21 22 23 24 25 26 27 |
---------------+----------------------------------------------------------------------------------+-----
Axes           | 3 4 5 7 9 10 12 14 16 14 15 16 17 18 19 20 21 | 21.9
Dodging        | 2 5 6 8 10 11 14 16 17 18 20 21 | 21.2
Fighting       | 4 7 8 9 10 11 12 13 15 18 19 20 22 24 25 | 25.1
Armour         | 4 5 7 8 10 12 13 15 18 20 21 22 23 24 25 | 25.1
Shields        | 5 6 12 14 15 16 17 20 22 23 | 23.3
Maces & Flails | 2 7 8 10 11 | 11.7
Throwing       | 8 11 14 16 17 18 20 22 | 22.0

Action                     |  1- 3 |  4- 6 |  7- 9 | 10-12 | 13-15 | 16-18 | 19-21 | 22-24 | 25-27 || total
---------------------------+-------+-------+-------+-------+-------+-------+-------+-------+-------++-------
  Melee: War axe           |    55 |   122 |   286 |   261 |   523 |  1213 |  1221 |   329 |    22 ||  4032
         Headbutt          |     7 |    14 |    51 |   119 |   197 |   320 |   386 |   364 |   379 ||  1837
         Demon whip        |       |       |       |   249 |   497 |   109 |     5 |    26 |    56 ||   942
         Broad axe         |       |       |       |       |       |       |       |   604 |   764 ||  1368
  Throw: Boomerang         |       |     3 |     4 |       |    28 |   127 |   117 |   173 |   142 ||   594
         Dart              |       |       |       |       |     5 |       |     7 |     1 |     1 ||    14
         Javelin           |       |       |       |       |       |     4 |    25 |     4 |   104 ||   137
 Invoke: Sacrifice Artific |       |       |     1 |       |       |       |       |       |       ||     1
         Sacrifice Arcana  |       |       |     1 |       |       |       |       |       |       ||     1
         Draw Out Power    |       |       |     1 |     2 |       |       |     1 |       |       ||     4
         Power Leap        |       |       |       |    23 |    12 |    22 |    12 |    21 |    20 ||   110
         Sacrifice Stealth |       |       |       |     1 |       |       |       |       |       ||     1
         Sacrifice Skill   |       |       |       |     1 |       |       |       |       |       ||     1
         Sacrifice Love    |       |       |       |     1 |       |       |       |       |       ||     1
         Apocalypse        |       |       |       |       |     5 |     9 |     5 |     7 |     2 ||    28
         Sacrifice an Eye  |       |       |       |       |     1 |       |       |       |       ||     1
    Use: Scroll            |       |     8 |    14 |    14 |    11 |     4 |    10 |     6 |    17 ||    84
         Potion            |       |     2 |     5 |       |     2 |     4 |     8 |     7 |    39 ||    67
   Stab: Distracted        |       |       |     2 |     2 |     3 |    14 |    10 |    13 |     7 ||    51
         Invisible         |       |       |     2 |     2 |     5 |    21 |    16 |     8 |     8 ||    62
         Held in net/web   |       |       |       |       |     2 |       |       |       |       ||     2
         Paralysed         |       |       |       |       |     2 |    20 |    25 |    17 |     6 ||    70
         Petrifying        |       |       |       |       |       |       |       |     1 |       ||     1
 Armour: Scale mail        |    79 |    24 |       |       |       |       |       |       |       ||   103
         Chain mail        |       |    24 |    77 |       |       |       |       |       |       ||   101
         Plate armour      |       |       |       |    16 |       |       |       |       |       ||    16
         Gold dragon scale |       |       |       |    46 |       |       |       |   135 |   128 ||   309
         Crystal plate arm |       |       |       |   200 |   437 |   519 |   418 |    37 |       ||  1611
         Skin              |       |       |       |       |       |       |     9 |       |       ||     9
  Dodge: Dodged            |   105 |    47 |   194 |   216 |   327 |   433 |   408 |   239 |   239 ||  2208
  Block: Buckler           |    38 |    22 |    77 |    56 |       |       |       |       |       ||   193
         Tower shield      |       |       |       |   360 |   116 |       |       |   987 |   989 ||  2452
         Kite shield       |       |       |       |       |   631 |  1336 |  1062 |   127 |       ||  3156
         Reflection        |       |       |       |       |       |   115 |    57 |    77 |    17 ||   266
Riposte: War axe           |       |       |       |       |       |       |    88 |    98 |    11 ||   197
         Broad axe         |       |       |       |       |       |       |       |   222 |   308 ||   530
         Demon whip        |       |       |       |       |       |       |       |     6 |    19 ||    25

Table legend: (Time is in decaauts)
 A = Elapsed time spent in this place.
 B = Non-inter-level travel time spent in this place.
 C = Inter-level travel time spent in this place.
 D = Time resting spent in this place.
 E = Time spent auto-exploring this place.
 F = Levels seen in this place.
 G = Mean time per level.
                   A        B        C        D        E       F      G
               +--------+--------+--------+--------+--------+-----+--------+
         Total |  76878 |  60475 |  16403 |    564 |  44291 |  67 | 1147.4 |
       Dungeon |  17622 |  12605 |   5017 |      0 |   9855 |  15 | 1174.8 |
        Temple |     95 |     80 |     15 |      0 |     67 |   1 |   95.0 |
          Lair |   7592 |   6167 |   1425 |      0 |   4954 |   5 | 1518.4 |
        Shoals |   5764 |   4525 |   1239 |    154 |   2826 |   4 | 1441.0 |
     Snake Pit |   3770 |   3368 |    402 |     29 |   2272 |   4 |  942.5 |
    Slime Pits |   3964 |   3524 |    440 |      0 |   2864 |   5 |  792.8 |
  Orcish Mines |   2333 |   1856 |    477 |      0 |   1447 |   2 | 1166.5 |
   Elven Halls |   3974 |   3287 |    687 |     99 |   2249 |   3 | 1324.7 |
        Vaults |  10420 |   6943 |   3477 |      0 |   5265 |   5 | 2084.0 |
         Crypt |   4597 |   3962 |    635 |      0 |   3119 |   3 | 1532.3 |
        Depths |   6258 |   4490 |   1768 |     36 |   3348 |   4 | 1564.5 |
          Hell |     62 |     61 |      1 |      0 |      0 |   1 |   62.0 |
           Zot |   6016 |   5202 |    814 |    236 |   3752 |   5 | 1203.2 |
         Abyss |   1172 |   1172 |      0 |     10 |    122 |   4 |  293.0 |
        Bazaar |     84 |     84 |      0 |      0 |     45 |   1 |   84.0 |
         Trove |    180 |    180 |      0 |      0 |      2 |   1 |  180.0 |
         Sewer |    799 |    799 |      0 |      0 |    594 |   1 |  799.0 |
        Bailey |   1004 |   1004 |      0 |      0 |    784 |   1 | 1004.0 |
       Volcano |    486 |    486 |      0 |      0 |    355 |   1 |  486.0 |
      Gauntlet |    678 |    678 |      0 |      0 |    366 |   1 |  678.0 |
               +--------+--------+--------+--------+--------+-----+--------+

Top non-repeatable levels by time:
Vaults:1: 2564 daAuts
Vaults:4: 2477 daAuts
Vaults:2: 2357 daAuts
  Lair:2: 2287 daAuts
 Crypt:2: 2111 daAuts
Depths:2: 2074 daAuts
    D:13: 2003 daAuts
  Lair:5: 1987 daAuts
Vaults:3: 1811 daAuts
   Orc:2: 1715 daAuts
Shoals:3: 1692 daAuts
    D:15: 1661 daAuts
Depths:3: 1606 daAuts
 Slime:4: 1543 daAuts
   Elf:1: 1531 daAuts
